AoeStats
← arthur

Nomad

504490704Analyzed
3v3 RM · 27d ago on Sep 5, 2026· 31m 33s· 6 players
Game mode
Random Map
Map size
210×210
Population
200
Speed
Normal
Resources
Standard
Victory
Conquest
Starting age
Dark Age
Ending age
Imperial Age
RankedLock teamsTeams togetherTeam positionsShared explorationLock speedFull tech treeHidden civsTurbo modeCheats
Victory
Defeat
🇦🇷 Persians · Argentina
1423
+13
🇬🇧 Celts · United Kingdom
1347
+16
🇦🇺 Tatars · Australia
1315
+18
🇫🇷 Huns · France
1400
-17
🇫🇷 Vietnamese · France
1390
-17
🇩🇪 Burmese · Germany
1278
-13
Masta Ali
4:58 Loom
12:36 Feudal Age
14:15 Forging
14:32 Fishing Lines
17:20 Double-Bit Axe
17:32 Man-at-Arms
17:58 Arson
21:50 Castle Age
21:54 Gold Mining
22:46 Scale Barding Armor
23:17 Iron Casting
22:57 Husbandry
23:51 Chain Barding Armor
26:23 Light Cavalry
32:49 Imperial Age
Matteo426
14:55 Feudal Age
13:12 Loom
17:31 Fishing Lines
18:02 Double-Bit Axe
23:21 Castle Age
21:13 Gold Mining
22:52 Scale Barding Armor
22:57 Forging
24:14 Chain Barding Armor
24:39 Bloodlines
26:17 Wheelbarrow
26:21 Bow Saw
26:48 Gold Shaft Mining
28:02 Wheelbarrow
28:57 Husbandry
29:58 Gillnets
30:59 Town Watch
Racro
4:27 Loom
13:36 Feudal Age
18:13 Castle Age
16:24 Fletching
16:45 Double-Bit Axe
18:58 Bodkin Arrow
TruiteSauvage
12:58 Feudal Age
16:34 Castle Age
15:05 Loom
15:34 Double-Bit Axe
18:53 Bow Saw
18:27 Horse Collar
23:02 Wheelbarrow
24:22 Heavy Plow
27:23 Hand Cart
28:02 Gold Mining
31:05 Imperial Age
29:11 Stone Mining
29:14 Fletching
29:24 Padded Archer Armor
30:07 Bodkin Arrow
31:03 Stone Shaft Mining
31:10 Ballistics
31:53 Leather Archer Armor
31:55 Bracer
32:59 Chemistry
arthur
4:38 Loom
13:53 Feudal Age
14:23 Town Watch
20:09 Castle Age
18:30 Fishing Lines
20:59 Double-Bit Axe
22:48 Bow Saw
23:00 Scale Barding Armor
24:22 Forging
26:00 Horse Collar
26:45 Heavy Plow
27:43 Gold Mining
29:26 Bloodlines
BigBlob
5:50 Loom
14:12 Feudal Age
18:50 Castle Age
24:18 Stone Mining
27:36 Pikeman
Connection lost

Rejoining the realm…

Still unreachable

The connection could not be restored.

Session expired

The server has moved on; the page needs a fresh start.